 Dungeon Crawl Stone Soup version 0.23-a0-339-gbd7f2c8 (webtiles) character file.

5499 Jeffwins the Arsonist (level 10, 0/66 HPs)
             Began as an Octopode Fire Elementalist on Oct 17, 2018.
             Was a Follower of Kikubaaqudgha.
             Slain by a wight
             ... wielding a +0 dire flail
              (3 damage)
             ... on level 10 of the Dungeon on Oct 18, 2018.
             The game lasted 00:22:02 (11810 turns).

Jeffwins the Arsonist (Octopode Fire Elementalist) Turns: 11810, Time: 00:22:03

Health: 0/66       AC:  1    Str:  8    XL:     10   Next: 70%
Magic:  2/18       EV: 13    Int: 24    God:    Kikubaaqudgha [*.....]
Gold:   487        SH:  0    Dex: 13    Spells: 5/20 levels left

rFire    . . .     SeeInvis .   a - +4 halberd (freeze)
rCold    . . .     Gourm    .   (shield currently unavailable)
rNeg     . . .     Faith    .   (helmet restricted)
rPois    .         Spirit   .   g - amulet of regeneration
rElec    .         Reflect  .   k - -2 ring of evasion (curse)
rCorr    .         Harm     .   Z - ring of wizardry
MR       .....                  I - +4 ring of intelligence
Stlth    +++.......             (no ring)
HPRegen  0.61/turn              (no ring)
MPRegen  0.16/turn              (no ring)
                                (no ring)
                                (no ring)

@: drained
A: almost no armour, stealthy swim, amphibious, 8 rings, constrict 8, camouflage
1, gelatinous body 1
a: Receive Corpses, Renounce Religion


You were on level 10 of the Dungeon.
You worshipped Kikubaaqudgha.
Kikubaaqudgha was aware of your devotion.
You were not hungry.

You visited 2 branches of the dungeon, and saw 11 of its levels.

You collected 487 gold pieces.


Innate Abilities, Weirdness & Mutations

You cannot wear most types of armour.
You are very stealthy in the water. (Stealth+)
You are amphibious.
You can wear up to eight rings at the same time.
You can use your tentacles to constrict eight enemies at once.
Your skin changes colour to match your surroundings (Stealth+).
Your rubbery body absorbs attacks. (AC +1, EV +1)


   Skills:
 + Level 5.4(4.3) Fighting
 + Level 2.2(1.2) Polearms
 + Level 6.1(5.0) Dodging
 - Level 2.6(1.7) Stealth
 + Level 5.6(4.5) Spellcasting
 * Level 8.1(7.0) Conjurations
 + Level 1.0(0.1) Necromancy
 + Level 1.1(0.1) Translocations
 * Level 8.7(7.5) Fire Magic
 + Level 0.9(0.0) Air Magic
 + Level 1.2(0.3) Poison Magic


You had 5 spell levels left.
You knew the following spells:

 Your Spells              Type           Power        Failure   Level  Hunger
f - Fireball              Conj/Fire      #####.....   5%          5    #####..
m - Mephitic Cloud        Conj/Pois/Air  ###.....     4%          3    ##.....
y - Sticky Flame          Conj/Fire      #####...     1%          4    ####...
z - Flame Tongue          Conj/Fire      #####        1%          1    None
I - Blink                 Tloc           N/A          5%          2    None

Your spell library contained the following spells:

 Spells                   Type           Power        Failure   Level  Hunger
 Magic Dart               Conj           ####         1%          1    None
 Throw Flame              Conj/Fire      #####.       1%          2    None
 Conjure Flame            Conj/Fire      #####...     1%          3    ##.....
 Inner Flame              Hex/Fire       ###.....     2%          3    ##.....
 Animate Skeleton         Necr           N/A          3%          1    None
 Pain                     Necr           #...         3%          1    None
 Corona                   Hex            #......      4%          1    None
 Corpse Rot               Necr           N/A          5%          2    None
 Sublimation of Blood     Necr           #.........   5%          2    None
 Call Imp                 Summ           #.......     6%          2    None
 Slow                     Hex            #.......     6%          2    None
 Portal Projectile        Hex/Tloc       #.....       11%         3    ##.....
 Vampiric Draining        Necr           #.........   11%         3    ##.....
 Cause Fear               Hex            #.........   34%         4    ####...
 Leda's Liquefaction      Hex/Erth       #.........   34%         4    ####...

Inventory:

Hand Weapons
 a - a +4 halberd of freezing (weapon)
 m - a +0 blowgun {@w1}
 p - a +0 hunting sling
 A - a +0 shortbow
 H - a +3 long sword
Missiles
 f - 37 poisoned needles
 i - 165 stones (quivered)
 o - 59 sling bullets
 r - 216 arrows
 s - 85 bolts
 y - a throwing net {=f}
 R - 8 tomahawks
Magical Staves
 K - an uncursed staff of poison
Jewellery
 g - an amulet of regeneration (around mantle)
 k - a cursed -2 ring of evasion (left tentacle)
 I - a +4 ring of intelligence (on tentacle)
 Z - a ring of wizardry (right tentacle)
Wands
 z - a wand of flame (63)
 C - a wand of acid (10)
 J - a wand of paralysis (14)
 M - a wand of enslavement (9)
 O - a wand of disintegration (15)
 P - a wand of iceblast (8)
 S - a wand of polymorph (17)
Scrolls
 c - a scroll of enchant armour {unknown}
 d - 4 scrolls of teleportation {@r4}
 h - 8 scrolls of remove curse {@r2}
 l - 3 scrolls of immolation {unknown}
 n - 5 scrolls of amnesia {unknown}
 q - a scroll of blinking
 w - 2 scrolls of fear {unknown}
 x - 2 scrolls of magic mapping {unknown}
 G - 2 scrolls of random uselessness {unknown}
 N - a scroll of vulnerability {unknown}
Potions
 b - 2 potions of curing {@q1}
 j - 2 potions of mutation {!q}
 t - 5 potions of agility
 u - 2 potions of resistance
 v - a potion of cancellation
 B - a potion of invisibility
 D - 2 potions of might
 E - a potion of brilliance
 F - a potion of haste {@q3}
 L - a potion of lignification {!q}
Comestibles
 e - 21 rations {@e1}
 Q - a chunk of flesh

Dungeon Overview and Level Annotations

Branches:
Dungeon (10/15)            Temple (1/1) D:5
   Lair: D:8-11         Orc: D:9-12

Altars:
Ashenzari
Cheibriados
Dithmenos
Elyvilon
Fedhas
Gozag
Hepliaklqana
Kikubaaqudgha
Makhleb
Nemelex Xobeh
Okawaru
Qazlal
Ru
Sif Muna
Trog
Uskayaw
Vehumet
Wu Jian
Xom
Yredelemnul
Zin
The Shining One

Shops:
D:4 (   D:10 (

Annotations:
D:9 2 transporters, Umoon's ghost, novice DsFi

######.#.†...#
...........(#
........†..#
......>.<###
........(#
###.)...##
#####z###..#
#...z....#.#
#..@z....#...
#.........###≈≈
#..........#
...
#........#.# .≈
#........#..# ≈
###########.#
..


You could see 3 wights.


Message History

You destroy the wight!
Kikubaaqudgha accepts your kill.
Unknown command.
Casting: Sticky Flame (safe; 1% risk of failure)
Confirm with . or Enter, or press ? or * to list all spells.
Aiming: Sticky Flame (safe; 1% risk of failure)
Press: ? - help, Shift-Dir - straight line, f - wight
Aim: a wight, wielding a +3 morningstar of freezing and wearing a +0 robe The sticky flame hits the wight.
The wight is moderately damaged.
The wight is covered in liquid flames!
The wight burns!
The wight closely misses you.
Unknown command.
The wight burns!
The wight burns!
You destroy the wight!
Kikubaaqudgha accepts your kill.
Casting: Sticky Flame (safe; 1% risk of failure)
Confirm with . or Enter, or press ? or * to list all spells.
Aiming: Sticky Flame (safe; 1% risk of failure)
Press: ? - help, Shift-Dir - straight line, f - wight
Aim: a wight, wielding a +0 dire flail and wearing a +0 robe The sticky flame hits the wight.
The wight is moderately damaged.
The wight is covered in liquid flames!
The wight burns!
The wight hits you with a +0 dire flail!
* * * LOW HITPOINT WARNING * * *
You feel drained.
You die...
Kikubaaqudgha rasps: "You have failed me!
Welcome... death!"

Skill      XL: |  1  2  3  4  5  6  7  8  9 10 |
---------------+-------------------------------+-----
Conjurations   | 2 3 4 5 7 8 |  8.1
Fighting       | 1 2 3 4 5 |  5.4
Fire Magic     | 4 5 6 7 8 |  8.7
Dodging        | 3 4 5 6 |  6.1
Spellcasting   | 3 4 5 |  5.6
Polearms       | 2 |  2.2
Poison Magic   | 1 |  1.2
Necromancy     | 1 |  1.0
Translocations | 1 |  1.1
Stealth        | |  2.6
Air Magic      | |  0.9

Action                   |  1- 3 |  4- 6 |  7- 9 | 10-12 || total
-------------------------+-------+-------+-------+-------++-------
Melee: Dagger            |    63 |    40 |       |       ||   103
       Constrict         |    16 |    18 |    29 |    26 ||    89
       Tentacles         |     7 |    16 |    23 |    14 ||    60
       Unarmed           |     1 |       |       |       ||     1
       Hand axe          |       |    45 |   123 |       ||   168
       Halberd           |       |       |    12 |   131 ||   143
 Cast: Flame Tongue      |    27 |    84 |   142 |    18 ||   271
       Sticky Flame      |       |     1 |    20 |    19 ||    40
       Fireball          |       |       |       |     2 ||     2
  Use: Potion            |       |     1 |     3 |       ||     4
       Scroll            |       |       |    10 |     3 ||    13
 Stab: Sleeping          |    10 |    13 |     6 |    10 ||    39
       Distracted        |       |       |     1 |       ||     1
  Eat: Chunk             |     3 |    10 |    13 |    12 ||    38
       Ration            |       |       |     1 |       ||     1
Armor: Skin              |     7 |    10 |    29 |     5 ||    51
Dodge: Dodged            |    47 |    86 |   141 |    99 ||   373

Vault maps used:
D:1:      ncdulo_wetmaze, skrybe_limestone_x
D:3:      nicolae_ru_sacrificial_ziggurat, first_ration, uniq_robin
D:4:      serial_shops, shop, chequers_big_river
D:5:      minmay_temple_entry_fiery, minmay_misc_feat_five, uniq_pikel
D:6:      wad_guarded_room
D:7:      amethyst_overflow_temple_binary, the_bakery, palyth_stone_intersect
D:8:      palyth_temple_overflow_mages, ashenzari_altar_1, lemuel_round_altar
D:9:      gammafunk_ghost_arena, trog_three_pillars_becter
D:10:     basic_altar, serial_rivers, chequers_serial_rivers_micro_e,
          chequers_serial_rivers_micro_d, chequers_serial_rivers_small_b,
          chequers_serial_rivers_micro_a, chequers_serial_rivers_large_b,
          serial_shops, shop
Temple:   eino_temple_lava

Notes
Turn   | Place    | Note
-------+----------+-------------------------------------------
     0 | D:1      | Jeffwins the Octopode Fire Elementalist began the quest for
                  | the Orb.
     0 | D:1      | Reached XP level 1. HP: 11/11 MP: 3/3
   264 | D:1      | Reached XP level 2. HP: 7/17 MP: 0/5
   682 | D:1      | Reached XP level 3. HP: 16/22 MP: 1/6
  1579 | D:2      | Upgraded the game from 0.23-a0-335-gba3dfdf to
                  | 0.23-a0-339-gbd7f2c8
  1626 | D:2      | Reached skill level 2 in Conjurations
  1698 | D:2      | Reached XP level 4. HP: 9/27 MP: 0/7
  2009 | D:2      | Reached skill level 1 in Fighting
  2788 | D:3      | Noticed Robin
  3194 | D:3      | Killed Robin
  3194 | D:3      | Reached XP level 5. HP: 30/33 MP: 2/8
  3250 | D:3      | Learned a level 4 spell: Sticky Flame
  3443 | D:3      | Reached skill level 4 in Fire Magic
  3557 | D:3      | Reached skill level 3 in Conjurations
  3683 | D:3      | Reached skill level 3 in Dodging
  3683 | D:3      | Reached XP level 6. HP: 20/38 MP: 7/10
  4220 | D:3      | Found a sacrificial altar of Ru.
  4602 | D:4      | Reached skill level 3 in Spellcasting
  5058 | D:4      | Reached skill level 2 in Fighting
  5058 | D:4      | Reached XP level 7. HP: 11/45 MP: 0/11
  5590 | D:4      | Found Qisiris's Antique Weapon Boutique.
  5593 | D:4      | Reached skill level 5 in Fire Magic
  5612 | D:4      | Reached skill level 4 in Conjurations
  5940 | D:5      | Entered Level 5 of the Dungeon
  6357 | D:5      | Reached XP level 8. HP: 51/51 MP: 3/13
  6365 | D:5      | Reached skill level 4 in Dodging
  6386 | D:5      | Reached skill level 3 in Fighting
  6560 | D:5      | Reached skill level 5 in Conjurations
  6739 | D:5      | Reached skill level 6 in Fire Magic
  6816 | D:5      | Noticed Pikel
  6949 | D:5      | Killed Pikel
  6949 | D:5      | Reached skill level 4 in Spellcasting
  6949 | D:5      | Reached XP level 9. HP: 50/58 MP: 6/15
  7054 | D:5      | Found a staircase to the Ecumenical Temple.
  7138 | Temple   | Entered the Ecumenical Temple
  7291 | D:6      | Reached skill level 6 in Conjurations
  7550 | D:6      | Reached skill level 4 in Fighting
  7552 | D:6      | Identified a potion of resistance
  7713 | D:6      | Reached skill level 7 in Fire Magic
  7772 | D:6      | Reached skill level 5 in Dodging
  8249 | D:7      | Reached skill level 5 in Spellcasting
  8277 | D:7      | Reached skill level 7 in Conjurations
  8285 | D:7      | Learned a level 5 spell: Fireball
  8844 | D:7      | Found a snail-covered altar of Cheibriados.
  8849 | D:7      | Found a glowing golden altar of the Shining One.
  8909 | D:7      | Reached XP level 10. HP: 57/65 MP: 17/17
  8930 | D:7      | Reached skill level 8 in Fire Magic
  9110 | D:7      | Reached skill level 1 in Polearms
  9517 | D:8      | Reached skill level 5 in Fighting
  9592 | D:8      | Found a deep blue altar of Sif Muna.
  9794 | D:8      | Found an ancient bone altar of Kikubaaqudgha.
  9809 | D:8      | Identified Kikubaaqudgha's Compendium of Unholy Magic
  9820 | D:8      | Found a radiant altar of Vehumet.
  9833 | D:8      | Became a worshipper of Kikubaaqudgha
  9988 | D:8      | Learned a level 2 spell: Blink
  9992 | D:8      | Learned a level 3 spell: Mephitic Cloud
 10015 | D:8      | Found a shattered altar of Ashenzari.
 10198 | D:8      | Reached skill level 6 in Dodging
 10273 | D:8      | Found an ornate altar of the Wu Jian Council.
 10483 | D:8      | Reached skill level 2 in Polearms
 10527 | D:8      | Reached skill level 8 in Conjurations
 11025 | D:9      | Found a transporter.
 11025 | D:9      | Found a transporter.
 11178 | D:9      | Noticed Umoon's ghost (novice DsFi)
 11249 | D:9      | Found a bloodstained altar of Trog.
 11708 | D:10     | Entered Level 10 of the Dungeon
 11710 | D:10     | Reached skill level 1 in Poison Magic
 11712 | D:10     | Found Dinynnul's Antique Weapon Shoppe.
 11727 | D:9      | Reached * piety under Kikubaaqudgha
 11727 | D:9      | Identified Kikubaaqudgha's Disquisition on Black Rites
                  | (Kikubaaqudgha gifted it to you on level 9 of the Dungeon)
 11727 | D:9      | Received a gift from Kikubaaqudgha
 11801 | D:10     | HP: 6/66 [bullfrog (7)]
 11804 | D:10     | Reached skill level 1 in Necromancy
 11804 | D:10     | Reached skill level 1 in Translocations
 11810 | D:10     | HP: 3/66 [wight/+0 dire flail (9)]
 11810 | D:10     | Slain by a wight

Vanquished Creatures
  Pikel (D:5)
  A spriggan (D:7)
  A shadow (D:6)
  A yak (D:9)
  A water moccasin (D:10)
  An orc warrior (D:6)
  3 sky beasts
  3 black bears (D:8)
  An ice beast (D:8)
  2 ogres
  A phantom (D:5)
  A slave (D:5)
  4 centaurs
  5 bullfrogs
  4 big kobolds
  5 scorpions
  4 killer bees (D:8)
  7 wights
  A bullfrog zombie (D:8)
  3 crimson imps
  6 howler monkeys
  A centaur zombie (D:6)
  A jelly (D:8)
  4 hounds
  2 bullfrog skeletons
  5 orc priests
  17 orc wizards
  11 worker ants
  An iguana (D:8)
  A hound zombie (D:4)
  A worker ant zombie (D:6)
  Robin (D:3)
  3 gnolls (D:3)
  9 adders
  3 shadow imps
  5 oozes
  3 worms (D:2)
  2 dart slugs (D:2)
  10 leopard geckos
  37 orcs
  6 giant cockroaches
  17 goblins
  10 hobgoblins
  9 jackals
  22 kobolds
  11 quokkas
  3 ball pythons
  10 bats
  3 frilled lizards
  A jackal skeleton (D:4)
  A jackal zombie (D:8)
  A leopard gecko skeleton (D:8)
  A leopard gecko zombie (D:5)
  A quokka skeleton (D:6)
  12 rats
281 creatures vanquished.

Vanquished Creatures (others)
  A goblin (D:3)
1 creature vanquished.

Grand Total: 282 creatures vanquished

Table legend:
 A = Turns spent in this place as a percentage of turns spent in the entire game.
 B = Non-inter-level travel turns spent in this place as a percentage of non-inter-level travel turns spent in the entire game.
 C = Inter-level travel turns spent in this place as a percentage of turns spent in this place.
 D = Turns resting spent in this place as a percentage of non-inter-level travel turns spent in this place.
 E = Turns spent auto-exploring this place as a percentage of non-inter-level travel turns spent in this place.
 F = Non-inter-level travel turns spent in this place divided by the number of levels of this place that you've seen.
                   A       B       C       D       E      F
               +-------+-------+-------+-------+-------+----------------------
         Total | 100.0 | 100.0 |   2.5 |  37.4 |  46.0 | 1046.6
       Dungeon |  99.4 |  99.4 |   2.5 |  37.6 |  45.7 | 1144.8
        Temple |   0.6 |   0.6 |   0.0 |   0.0 |  83.1 |  65.0
               +-------+-------+-------+-------+-------+----------------------

Table legend:
 A = Non-vault XP
 B = Vault XP
 C = Vault XP percentage of total XP
 D = Non-vault monster count
 E = Vault monster count
 F = Vault count percentage of total count
                 A         B        C        D         E       F
            +---------+---------+-------+---------+---------+-------
      Total |    6000 |    1857 |  23.6 |     246 |      34 |  12.1
            +---------+---------+-------+---------+---------+-------
        D:1 |      50 |       0 |   0.0 |      26 |       0 |   0.0
        D:2 |      94 |      19 |  16.8 |      31 |      10 |  24.4
        D:3 |     207 |      15 |   6.8 |      35 |       1 |   2.8
        D:4 |     400 |       0 |   0.0 |      22 |       0 |   0.0
        D:5 |     970 |     663 |  40.6 |      35 |       1 |   2.8
        D:6 |     513 |     689 |  57.3 |      12 |      14 |  53.8
        D:7 |    1360 |     220 |  13.9 |      31 |       1 |   3.1
        D:8 |    1467 |     251 |  14.6 |      31 |       7 |  18.4
        D:9 |     475 |       0 |   0.0 |      15 |       0 |   0.0
       D:10 |     464 |       0 |   0.0 |       8 |       0 |   0.0
            +---------+---------+-------+---------+---------+-------
